 Dungeon Crawl Stone Soup version 0.28.0 (webtiles) character file.

Game seed: 15047980881383948738

109 BALLS the Slasher (level 4, -3/23 HPs)
             Began as a Vine Stalker Fighter on Feb 17, 2022.
             Slain by Crazy Yiuf (6 damage)
             ... while petrified by Crazy Yiuf
             ... on level 3 of the Dungeon.
             The game lasted 00:03:18 (2413 turns).

BALLS the Slasher (Vine Stalker Fighter)            Turns: 2413, Time: 00:03:19

Health: -3/23      AC:  6    Str: 21    XL:     4   Next: 89%
Magic:  0/5        EV:  2    Int:  8    God:
Gold:   83         SH:  0    Dex: 13    Spells: 3/3 levels left

rFire   . . .      SeeInvis .   a - +0 long sword
rCold   . . .      Faith    .   c - +0 buckler
rNeg    + + +      Spirit   +   b - +0 scale mail
rPois   ∞          Reflect  .   (no helmet)
rElec   .          Harm     .   (no cloak)
rCorr   .          Rampage  .   (no gloves)
Will    .....                   (no boots)
Stlth   ..........              (no amulet)
HPRegen 0.87/turn               (no ring)
MPRegen 0.09/turn               (no ring)

@: lethally poisoned (-3 -> -3), petrified, invisible
A: fangs 2, regeneration 1, magic shield, antimagic bite, no potion heal 2
a: no special abilities


You were on level 3 of the Dungeon.
You visited 1 branch of the dungeon, and saw 3 of its levels.

You collected 83 gold pieces.

Inventory:

Hand Weapons
 a - a +0 long sword (weapon)
Armour
 b - a +0 scale mail (worn)
 c - a +0 buckler (worn)
Wands
 k - a wand of iceblast (5)
Scrolls
 g - a scroll of vulnerability {unknown}
 j - a scroll of teleportation
 l - a scroll of enchant armour {unknown}
 m - a scroll of enchant weapon {unknown}
 o - a scroll of blinking {unknown}
Potions
 d - a potion of might
 e - a potion of brilliance {unknown}
 f - 3 potions of attraction {unknown}
 h - a potion of haste {unknown}
 i - a potion of curing {unknown}
 n - a potion of ambrosia {unknown}
 p - a potion of mutation {unknown}


   Skills:
 - Level 2.6 Fighting
 + Level 4.4 Long Blades
 - Level 2.4 Armour
 - Level 2.6 Shields


You had 3 spell levels left.
You didn't know any spells.
Your spell library was empty.

Dungeon Overview and Level Annotations

Branches:
Dungeon (3/15)

Altars:

Annotations:
D:3 Crazy Yiuf


Innate Abilities, Weirdness & Mutations

You have extremely sharp teeth.
Your natural rate of healing is unusually fast.
When hurt, damage is shared between your health and your magic reserves.
Your bite disrupts and absorbs the magic of your enemies.
Potions cannot restore your health.


Message History

You barely miss Crazy Yiuf.
Crazy Yiuf is moderately wounded.
Crazy Yiuf says, "Liver!"
Crazy Yiuf hits you with a +2 quarterstaff of chaos!
You feel your power leaking away.
You barely miss Crazy Yiuf. You bite Crazy Yiuf. You drain his power.
You feel invigorated.
Crazy Yiuf is heavily wounded.
Crazy Yiuf drinks a potion.
Crazy Yiuf seems to grow stronger.
Crazy Yiuf yells, "Snoogle tired infinity!"
Crazy Yiuf whimpers, "Hah hand eyeball!"
Crazy Yiuf flaps his cloak.
You barely miss Crazy Yiuf.
Crazy Yiuf is heavily wounded.
Crazy Yiuf hits you with a +2 quarterstaff of chaos!
You are slowing down.
Crazy Yiuf hits you with a +2 quarterstaff of chaos!
* * * LOW HITPOINT WARNING * * *
Unknown command.
As you read the scroll labelled REJ JEIGHUAMU, it crumbles to dust.
You feel strangely unstable.
It was a scroll of teleportation.
Crazy Yiuf hits you with a +2 quarterstaff of chaos.
You fade into invisibility!
Your limbs are stiffening.
You closely miss Crazy Yiuf. You bite Crazy Yiuf. You drain his power.
You feel invigorated.
Crazy Yiuf is severely wounded.
Crazy Yiuf barely misses you.
Crazy Yiuf hits you with a +2 quarterstaff of chaos!
* * * LOW HITPOINT WARNING * * *
You are lethally poisoned!
You have turned to stone.
Your surroundings suddenly seem different.
Crazy Yiuf shouts!
Crazy Yiuf hits you with a +2 quarterstaff of chaos!
* * * LOW HITPOINT WARNING * * *
Crazy Yiuf burns you.
* * * LOW HITPOINT WARNING * * *
Crazy Yiuf hits you with a +2 quarterstaff of chaos!
You die...

#.# ##.## #.####
######.###...###.....
#..............######
#.########...#.# #
#.# ####### ### #g#
#.. #.###♣♣♣♣♣ ###
#.#....♣.♣♣♣ ###
#..g@...♣..♣#...#
#......♣♣♣♣.'...# ##
##....♣♣ ♣♣#..)# #.
####♣♣ ### #. #. #.
### #. #.# #. #.# #.


You could see Crazy Yiuf (strong).

Vanquished Creatures
  Terence (D:3)
  2 adders
  4 dart slugs
  An orc (D:3)
  6 ball pythons
  5 endoplasms
  A giant cockroach (D:1)
  5 goblins
  A hobgoblin (D:3)
  3 jackals (D:1)
  5 kobolds
  2 quokkas
  7 bats
  5 frilled lizards
  5 rats
53 creatures vanquished.

Notes
Turn   | Place    | Note
-------+----------+-------------------------------------------
     0 | D:1      | BALLS the Vine Stalker Fighter began the quest for the Orb.
     0 | D:1      | Reached XP level 1. HP: 11/11 MP: 2/2
    13 | D:1      | Reached skill level 2 in Long Blades
    93 | D:1      | Reached XP level 2. HP: 8/16 MP: 3/3
   555 | D:1      | Reached skill level 3 in Long Blades
   560 | D:1      | Reached XP level 3. HP: 8/19 MP: 2/4
  1310 | D:2      | Gained mutation: Your natural rate of healing is unusually
                  | fast. [Vine Stalker growth]
  1310 | D:2      | Reached XP level 4. HP: 23/23 MP: 5/5
  1673 | D:3      | Found a runed translucent door.
  1674 | D:3      | Noticed Crazy Yiuf
  1766 | D:3      | Noticed Terence
  1786 | D:3      | Killed Terence
  1787 | D:3      | Reached skill level 4 in Long Blades
  2413 | D:3      | Slain by Crazy Yiuf

Illustrated notes

Levels and vault maps discovered:
D:1:      lemuel_arrival_behind_the_door_large, layout_rooms
D:2:      layout_rooms, minmay_distorted
D:3:      layout_loops_ring, uniq_crazy_yiuf_cottage, uniq_terence

Skill      XL: |  1  2  3  4 |
---------------+-------------+-----
Long Blades    | 2 3 4 |  4.4
Fighting       | |  2.6
Armour         | |  2.4
Shields        | |  2.6

Action                   |  1- 3 |  4- 6 || total
-------------------------+-------+-------++-------
Melee: Long sword        |    82 |    55 ||   137
       Bite              |    14 |    13 ||    27
  Use: Scroll            |       |     1 ||     1
Armor: Scale mail        |    35 |    14 ||    49
Dodge: Dodged            |    46 |    17 ||    63
Block: Buckler           |    16 |    13 ||    29
